 Dungeon Crawl Stone Soup version 0.28-a0-1395-g4f6bc678fa (webtiles) character file.

Game seed: 11060287742814215496

21 eustatius the Ruffian (level 2, -2/27 HPs)
             Began as a Troll Wanderer on Jan 5, 2022.
             Slain by an orc (5 damage)
             ... on level 3 of the Dungeon.
             The game lasted 00:01:30 (521 turns).

eustatius the Ruffian (Troll Wanderer)               Turns: 521, Time: 00:01:31

Health: -2/27      AC:  4    Str: 18    XL:     2   Next: 62%
Magic:  1/1        EV: 10    Int:  6    God:
Gold:   30         SH:  0    Dex: 12    Spells: 1/1 levels left

rFire   . . .      SeeInvis .   a - +0 club
rCold   . . .      Faith    .   (no shield)
rNeg    + . .      Spirit   .   c - +0 robe
rPois   .          Reflect  .   (helmet restricted)
rElec   .          Harm     .   (no cloak)
rCorr   .          Rampage  .   (gloves unavailable)
Will    .....                   (boots unavailable)
Stlth   +.........              (no amulet)
HPRegen 0.89/turn               e - ring of positive energy
MPRegen 0.07/turn               (no ring)

@: confused
A: large, unfitting armour, claws 3, regeneration 1, shaggy fur 1, tough skin 1
a: no special abilities


You were on level 3 of the Dungeon.
You visited 1 branch of the dungeon, and saw 3 of its levels.

You collected 30 gold pieces.

Inventory:

Hand Weapons
 a - a +0 club (weapon)
Armour
 c - a +0 robe (worn)
Jewellery
 e - a ring of positive energy (left claw)
Wands
 g - a wand of acid (9)
Scrolls
 d - 2 scrolls of blinking
 f - a scroll of magic mapping {unknown}
 h - a scroll of fog {unknown}
Potions
 b - a potion of attraction
 i - a potion of haste {unknown}


   Skills:
 + Level 1.0 Fighting
 + Level 0.1 Maces & Flails
 + Level 3.0 Dodging
 + Level 1.0 Stealth
 + Level 4.4 Unarmed Combat


You had one spell level left.
You didn't know any spells.
Your spell library was empty.

Dungeon Overview and Level Annotations

Branches:
Dungeon (3/15)

Altars:


Innate Abilities, Weirdness & Mutations

You are too large for most types of armour.
You have claws for hands.
Your natural rate of healing is unusually fast.
You are covered in fur. (AC +1)
You have tough skin. (AC +1)


Message History

The frilled lizard bites you.
You hit the frilled lizard.
You kill the frilled lizard!
h - a scroll labelled OXAIRR VAROUNK You see here a frilled lizard corpse.
You see here a frilled lizard corpse.
There is a stone staircase leading down here.
You climb downwards.
There is a stone staircase leading up here.
i - a blue potion You now have 30 gold pieces (gained 6).
A bat comes into view. 2 orcs and an orc wizard come into view.
The orc shouts! x2; You hear a shout!
An orc priest comes into view. It is wielding a +0 dagger.
The orc wizard shouts!
An orc comes into view. It is wielding a +0 hand axe.
The orc shouts!
The orc priest invokes the aid of Beogh against you.
Beogh smites you!
You hit the orc. You claw the orc.
You kill the orc!
Your Dodging skill increases to level 3!
You completely miss the orc wizard. The bat closely misses you.
The bat hits you but does no damage.
The orc priest calls down the wrath of Beogh upon you.
Beogh smites you!
Ouch! That really hurt!
* * * LOW HITPOINT WARNING * * *
The orc wizard gestures at you while chanting.
You are confused.
You hit the orc wizard.
The orc wizard is moderately wounded.
The bat hits you.
* * * LOW HITPOINT WARNING * * *
The orc wizard gestures wildly while chanting.
The orc wizard flickers and vanishes!
Deactivating autopickup; reactivate with Ctrl-A.
You bump into the rock wall.
The orc hits you with a +0 hand axe.
You die...

#.# #.##
#..# ##.# #
###.#
.##8###8#.#
..........#
......ob..#
....oo{@..#
.##8###8###
# ###


You could see an orc priest, 2 orcs and a bat.

Vanquished Creatures
  An adder (D:2)
  An orc (D:3)
  A bat (D:2)
  A giant cockroach (D:2)
  A goblin (D:1)
  3 frilled lizards (D:2)
  2 kobolds (D:2)
  2 rats (D:2)
12 creatures vanquished.

Notes
Turn   | Place    | Note
-------+----------+-------------------------------------------
     0 | D:1      | eustatius the Troll Wanderer began the quest for the Orb.
     0 | D:1      | eustatius set off with the following items: a +0 club, a
                  | potion of attraction, a +0 robe, 2 scrolls of blinking
     0 | D:1      | Reached XP level 1. HP: 19/19 MP: 0/0
   308 | D:2      | Reached XP level 2. HP: 27/27 MP: 1/1
   521 | D:3      | Slain by an orc

Illustrated notes

Levels and vault maps discovered:
D:1:      dpeg_arrival_short_road, layout_basic, minivault_24
D:2:      layout_loops_corners
D:3:      layout_basic, serial_co_window_serial, co_window_paths_a,
          co_window_cross_1, co_window_of_opportunity_a, co_window_corner_a,
          co_window_paths_b, co_window_2corner, co_window_unsneaky_path_b,
          co_window_corner_ca, co_window_of_opportunity_c, co_window_corner_cb,
          co_window_paths_c, glass_columns_c, glass_columns_a,
          corexii_hall_statues_x, nrook_mini_backslash, lemuel_flame_loot_1,
          uniq_grinder

Skill      XL: |  1  2 |
---------------+-------+-----
Dodging        | 3 |  3.0
Fighting       | |  1.0
Maces & Flails | |  0.1
Stealth        | |  1.0
Unarmed Combat | |  4.4

Action                   || total
-------------------------++-------
Melee: Club              ||    46
       Punch             ||     3
 Stab: Sleeping          ||     3
Armor: Robe              ||    28
Dodge: Dodged            ||    32

Table legend: (Time is in decaauts)
 A = Elapsed time spent in this place.
 B = Non-inter-level travel time spent in this place.
 C = Inter-level travel time spent in this place.
 D = Time resting spent in this place.
 E = Time spent auto-exploring this place.
 F = Levels seen in this place.
 G = Mean time per level.
                   A        B        C        D        E       F      G
               +--------+--------+--------+--------+--------+-----+--------+
         Total |    533 |    512 |     21 |      0 |    230 |   3 |  177.7 |
       Dungeon |    533 |    512 |     21 |      0 |    230 |   3 |  177.7 |
               +--------+--------+--------+--------+--------+-----+--------+

Top non-repeatable levels by time:
     D:2: 311 daAuts
     D:1: 169 daAuts
     D:3: 53 daAuts
